 Dungeon Crawl Stone Soup version 0.31-a0-948-gf5be29c462 (webtiles) character file.

Game seed: 4155402434147257739

45 GordonOverkill the Sneak (level 3, -5/23 HPs)
             Began as a Tengu Delver on Oct 20, 2023.
             Slain by a black bear (8 damage)
             ... on level 5 of the Dungeon.
             The game lasted 00:02:06 (388 turns).

GordonOverkill the Sneak (Tengu Delver)              Turns: 388, Time: 00:02:06

Health: -5/23      AC:  3    Str: 12    XL:     3   Next: 64%
Magic:  4/4        EV: 12    Int: 12    God:
Gold:   29         SH:  0    Dex: 15    Spells: 2/2 levels left

rFire   . . .        a - +0 spear
rCold   . . .        (no shield)
rNeg    . . .        b - +0 leather armour
rPois   .            (helmet restricted)
rElec   .            (no cloak)
rCorr   .            (no gloves)
SInv    .            (boots unavailable)
Will    .....        (no amulet)
Stlth   +++          (no ring)
HPRegen 0.23/turn    (no ring)
MPRegen 0.09/turn

%: acrobat
@: hasted, very quick
A: beak, talons 3, acrobatic
a: no special abilities


You were on level 5 of the Dungeon.
You visited 1 branch of the dungeon, and saw 4 of its levels.

You collected 29 gold pieces.

Inventory:

Hand Weapons
 a - a +0 spear (weapon)
Missiles
 e - 6 boomerangs (quivered)
Armour
 b - a +0 leather armour (worn)
Wands
 g - a wand of digging (3)
Scrolls
 c - a scroll of fog
 d - a scroll of revelation
Potions
 h - a potion of mutation {unknown}
 i - a potion of curing {unknown}


   Skills:
 + Level 3.4 Fighting
 + Level 2.8 Polearms
 + Level 2.8 Dodging
 + Level 5.3 Stealth


You had 2 spell levels left.
You didn't know any spells.
Your spell library was empty.

Dungeon Overview and Level Annotations

Branches:
Dungeon (7/15)
 Temple: D:4-7

Altars:
Fedhas


Innate Abilities, Weirdness & Mutations

You have a beak for a mouth.
You have claws for feet.
You can magically evade attacks while moving or waiting.


Message History

The adder barely misses you.
You hit the adder. You claw the adder.
The adder is heavily wounded.
You closely miss the adder. Your kick misses the adder.
Your peck misses the adder.
The adder is heavily wounded.
The adder barely misses you.
You closely miss the adder. You claw the adder.
You kill the adder!
You see here an adder corpse.
Found a blossoming altar of Fedhas.
You see here an adder corpse.
There is a stone staircase leading down here.
You climb downwards.
The black bear closely misses you.
The black bear claws you but does no damage.
The black bear claws you.
There is a stone staircase leading up here.
You hit the black bear. You claw the black bear.
The black bear is moderately wounded.
The black bear bites you but does no damage.
The black bear claws you but does no damage.
The black bear claws you.
* * * LOW HITPOINT WARNING * * *
You hit the black bear. You claw the black bear.
The black bear is heavily wounded.
You hit the black bear but do no damage.
You claw the black bear!
You peck the black bear, but do no damage.
The black bear is severely wounded.
The black bear bites you!
* * * LOW HITPOINT WARNING * * *
The black bear closely misses you. The black bear claws you.
* * * LOW HITPOINT WARNING * * *
You hit the black bear. You peck the black bear.
The black bear is severely wounded.
The black bear goes berserk!
You hit the black bear.
The black bear is almost dead.
The black bear bites you!
You die...

#.......# #.......# ##.....#
#......## ######..!...$#
..... #............# .....
#..........h.#######..... #.
#...........@............
#..##....###...#######.......
#...#....# ##................
##..####.############........
#..........# ####.....###..
#..........####.h............
#................###.####....
#......[....###### #.# ...
#........[.#########.###.....


You could see a black bear (berserk).

Vanquished Creatures
  3 adders
  A white imp (D:5)
  2 ufetubi
6 creatures vanquished.

Notes
Turn   | Place    | Note
-------+----------+-------------------------------------------
     0 | D:5      | GordonOverkill the Tengu Delver began the quest for the
                  | Orb.
     0 | D:5      | Reached XP level 1. HP: 14/14 MP: 2/2
    38 | D:7      | Noticed a phantom
    40 | D:7      | Noticed an ice beast
   194 | D:5      | Reached XP level 2. HP: 8/19 MP: 3/3
   329 | D:5      | Reached XP level 3. HP: 22/23 MP: 4/4
   333 | D:5      | Noticed a black bear
   376 | D:4      | Found a blossoming altar of Fedhas.
   388 | D:5      | Slain by a black bear

Illustrated notes

Levels and vault maps discovered:
D:4:      layout_basic, nicolae_overflow_hidden_temple,
          nicolae_gozag_seed_capital, minmay_temple_entry_drinking_statues,
          ebering_ghost_inner_flame, serial_shops, nicolae_lakefront_shop,
          uniq_menkaure, uniq_pikel, uniq_natasha, uniq_eustachio, uniq_ijyb
D:5:      layout_rooms, serial_shops, nicolae_shop_trees
D:6:      layout_basic, uniq_sigmund
D:7:      layout_basic, serial_shops, nicolae_shop_getting_attention,
          kennysheep_small_circle, uniq_joseph

Action                     || total
---------------------------++-------
  Melee: Spear             ||    40
         Kick              ||    13
         Peck              ||     5
  Throw: Boomerang         ||     3
    Use: Scroll            ||     1
         Potion            ||     1
 Armour: Leather armour    ||    38
  Dodge: Dodged            ||    72

Table legend: (Time is in decaauts)
 A = Elapsed time spent in this place.
 B = Non-inter-level travel time spent in this place.
 C = Inter-level travel time spent in this place.
 D = Time resting spent in this place.
 E = Time spent auto-exploring this place.
 F = Levels seen in this place.
 G = Mean time per level.
                   A        B        C        D        E       F      G
               +--------+--------+--------+--------+--------+-----+--------+
         Total |    382 |    375 |      7 |    120 |      8 |   4 |   95.5 |
       Dungeon |    382 |    375 |      7 |    120 |      8 |   4 |   95.5 |
               +--------+--------+--------+--------+--------+-----+--------+

Top non-repeatable levels by time:
     D:5: 222 daAuts
     D:6: 123 daAuts
     D:7: 22 daAuts
     D:4: 14 daAuts
